Map: World of Sleepers LE

Players

Ratl

  • Race: Protoss Protoss
  • League: Silver
  • Spawn Location: 1:00

CRIXUS - Winner!

  • Race: Terran Terran
  • League: Silver
  • Spawn Location: 7:00

VOD

Have the link to the VOD?

Description

Time

  • Played on: Feb. 3, 2020, 7:37 p.m.
  • Length: 7:15
Show
View Real Time Build Order
Export as new Build Order

Ratl Protoss 

Build Orders:  

Get SALT Encoding   

  12  0:01  Probe  
  13  0:13  Probe  
  14  0:18  Pylon  
  14  0:31  Probe  
  15  0:38  Gateway  
  15  0:44  Probe  
  16  0:56  Probe  
  17  1:03  Assimilator  
  17  1:11  Gateway  
  17  1:13  Probe (Chrono Boost)  
  19  1:25  Probe (Chrono Boost)  
  19  1:28  Assimilator  
  19  1:32  Probe (Chrono Boost)  
  20  1:40  Probe  
  20  1:42  Cybernetics Core  
  21  1:52  Probe  
  22  2:00  Pylon  
  22  2:04  Probe  
  23  2:12  Warp Gate (Chrono Boost)  
  23  2:18  Probe  
  23  2:20  Adept  
  23  2:22  Nexus  
  26  2:27  Adept  
  28  2:35  Probe  
  29  2:47  Probe  
  30  2:54  Pylon  
  30  2:59  Probe  
  31  3:12  Adept x2  
  35  3:25  Robotics Facility  
  35  3:28  Probe (Chrono Boost)  
  36  3:39  Probe (Chrono Boost)  
  36  3:40  Probe (Chrono Boost)  
  38  3:47  Probe (Chrono Boost)  
  38  3:48  Probe (Chrono Boost)  
  40  3:52  Probe (Chrono Boost)  
  40  3:55  Probe  
  42  4:08  Probe x2  
  44  4:12  Assimilator  
  44  4:20  Probe x2, Pylon  
  44  4:22  Stalker x2  
  50  4:31  Twilight Council  
  50  4:32  Probe  
  50  4:35  Gateway  
  55  4:38  Immortal  
  55  4:46  Zealot x2  
  59  4:59  Forge  
  59  5:00  Forge  
  59  5:10  Probe x2, Assimilator  
  61  5:15  Pylon  
  61  5:17  Observer  
  62  5:26  Pylon  
  62  5:33  Probe x2  
  64  5:39  Observer  
  65  5:45  Probe x2  
  67  5:52  Sentry  
  67  5:53  Zealot  
  71  5:57  Probe x2  
  73  6:06  Immortal  
  73  6:09  Probe  
  78  6:12  Robotics Bay  
  78  6:21  Gateway  
  78  6:22  Gateway  
Show
View Real Time Build Order
Export as new Build Order

CRIXUS Terran - Winner!

Build Orders:  

Get SALT Encoding   

  12  0:10  Supply Depot  
  12  0:14  SCV  
  13  0:26  SCV  
  14  0:39  Barracks  
  14  0:40  SCV  
  15  0:52  SCV  
  16  1:02  Refinery  
  16  1:04  SCV  
  17  1:16  SCV  
  18  1:28  SCV, Supply Depot  
  18  1:30  Marine  
  20  1:40  SCV  
  21  1:48  Barracks  
  21  1:51  Barracks Tech Lab  
  21  1:52  SCV  
  22  2:05  SCV  
  22  2:06  Refinery  
  23  2:13  Engineering Bay  
  23  2:14  Marine  
  24  2:17  SCV  
  25  2:29  SCV  
  26  2:32  Marine  
  27  2:44  Factory, Barracks Reactor  
  27  2:51  Marauder  
  29  2:52  Supply Depot  
  29  3:11  Marine  
  30  3:26  Marine x2  
  32  3:29  Marine, Factory Tech Lab  
  32  3:33  Starport  
  33  3:40  Supply Depot  
  33  3:44  Marine x2  
  33  3:47  Marine  
  36  3:49  Siege Tank  
  39  4:01  Marine  
  39  4:02  Marine  
  41  4:05  Marauder  
  41  4:07  Supply Depot  
  43  4:12  Medivac  
  45  4:19  Marine  
  46  4:26  Marine  
  46  4:29  Marauder  
  49  4:35  Supply Depot  
  49  4:37  Marine  
  50  4:42  Medivac  
  50  4:43  Marine  
  50  4:45  Concussive Shells  
  53  4:50  Marauder  
  55  4:56  Marine  
  56  5:04  Supply Depot  
  56  5:08  Supply Depot  
  56  5:12  Medivac  
  58  5:26  Marine x2  
  58  5:27  Marine  
  58  5:28  Stimpack  
  61  5:42  Medivac  
  63  5:44  Marine  
  64  6:05  Marine x2  
  64  6:06  Marine  
  64  6:10  Supply Depot  
  67  6:23  Marine x3  
  70  6:36  Command Center  
Tags
 
Add a new tag
Caveats
  • Supply blocks, unpowered buildings, or Contaminate may cause inaccurate times.
  • Supply counts are checked every 10 seconds.